 Dungeon Crawl Stone Soup version 0.19.5 (webtiles) character file.

248 hyperquik the Vexing (level 6, 0/41 HPs)
             Began as a Merfolk Enchanter on May 10, 2017.
             Slain by Natasha (4 damage)
             ... on level 3 of the Dungeon.
             The game lasted 00:11:50 (3867 turns).

hyperquik the Vexing (Merfolk Enchanter)            Turns: 3867, Time: 00:11:51

Health: 0/41       AC:  4    Str: 11    XL:     6   Next: 12%
Magic:  5/10       EV: 13    Int: 14    God:
Gold:   98         SH:  0    Dex: 14    Spells: 4 memorised, 2 levels left

rFire  . . .     SeeInvis .     a - +1 dagger
rCold  . . .     Gourm    .     b - +1 robe
rNeg   . . .     Faith    .     (no shield)
rPois  .         Spirit   .     (no helmet)
rElec  .         Reflect  .     (no cloak)
rCorr  .         Harm     .     (no gloves)
MR     .....                    m - +0 pair of boots
Stlth  +++.......               (no amulet)
                                (no ring)
                                (no ring)

@: no status effects
A: change form in water, swift swim, stealthy swim
a: no special abilities


You were on level 3 of the Dungeon.
You were not hungry.

You visited 1 branch of the dungeon, and saw 3 of its levels.
You also visited: Sewer.

You collected 98 gold pieces.

Inventory:

Hand Weapons
 a - a +1 dagger (weapon)
Missiles
 h - 13 poisoned needles
 Q - 110 stones (quivered)
Armour
 b - a +1 robe (worn)
 m - a +0 pair of boots (worn)
Scrolls
 k - a scroll of teleportation {unknown}
 p - a scroll of fog {unknown}
 r - 4 scrolls of recharging
 t - 2 scrolls of fear {unknown}
Potions
 e - 2 potions of invisibility {unknown}
 j - a potion of cancellation {unknown}
 l - 4 potions of curing
 n - a potion of magic
 o - 2 potions of flight
 q - a potion of might
 s - a potion of brilliance
Books
 c - a book of Maledictions
Comestibles
 d - 4 bread rations
 f - a chunk of flesh
 g - 3 beef jerkies


   Skills:
 - Level 1.2 Short Blades
 - Level 2.6 Dodging
 + Level 4.8 Stealth
 + Level 3.2 Spellcasting
 * Level 4.8 Hexes
 + Level 1.5 Ice Magic


You had 2 spell levels left.
You knew the following spells:

 Your Spells              Type           Power        Failure   Level  Hunger
a - Ensorcelled Hibernat  Hex/Ice        ##....       10%         2    ##.....
b - Tukima's Dance        Hex            ###.....     10%         3    ###....
c - Confuse               Hex            ###.....     10%         3    ###....
v - Corona                Hex            ###....      2%          1    #......


Dungeon Overview and Level Annotations

Branches:
Dungeon (3/15)

Altars:
Qazlal

Annotations:
D:3 Natasha


Message History

You take 8 damage, and have 2/41 hp.
Natasha casts a spell.
A frilled lizard comes into view.
The crimson imp barely misses you.
The crimson imp shouts, "Begone, thou grime-gilt earth-vexing boar-pig!"
The crimson imp hits you but does no damage.
Natasha barely misses you.
The frilled lizard hisses angrily.
You hit Natasha but do no damage. The crimson imp barely misses you.
Natasha barely misses you.
You hit Natasha. The crimson imp barely misses you.
You hit Natasha. Natasha casts a spell at you. You resist with some effort.
The frilled lizard misses you.
You closely miss Natasha. The crimson imp misses you. Natasha misses you.
The frilled lizard barely misses you.
You hit Natasha.
The crimson imp shouts, "Slither away, thou vain rump-fed jarkman!"
The crimson imp misses you. Natasha claws you.
You die...

.........#*,,,,#.r.#.....,,,,,* *
.........##....#.<.......,,,,,***
.........##......).......,,,,,,,,
.##.......#..............,,,,*,,,
.##.......#..............,,,,,,,,
..........###.......###..,,,,*,,,
#####..[.## #.).....# **#*****,,,
..# #.##########.l..# #..,,,,,
#.# #.##......##@h..# #.#**,,,
#.# #.##.####.##.5..# #.# *,,,
#.# #.##.####.##....# #.# *,,,
#.# #.##.........##.# #.# *,,,
..# #.#######.##.##.# #.# ****
### #.........##.##.# #.#
############.##.# #.#
#.##.######.# #.##........#


You could see Natasha, a crimson imp and a frilled lizard.

Vault maps used:
D:1:      dpeg_arrival_simpleton_b, corexii_item_surrounded_by_moat,
          minmay_misc_feat_rugged
D:2:      nicolae_qazlal_general_emergency, grunt_decor_one_mirror
D:3:      nemelex_xobeh_ov_fountains_minmay, portal_sewer_entry_a, first_bread,
          uniq_natasha
Sewer:    sewer_co_purgy_island

Notes
Turn   | Place    | Note
-------+----------+-------------------------------------------
     0 | D:1      | hyperquik the Merfolk Enchanter began the quest for the Orb.
     0 | D:1      | Reached XP level 1. HP: 13/13 MP: 3/3
   221 | D:1      | Reached XP level 2. HP: 19/19 MP: 5/5
  1041 | D:1      | Reached XP level 3. HP: 24/24 MP: 6/6
  1473 | D:1      | Learned a level 2 spell: Ensorcelled Hibernation
  1477 | D:1      | Learned a level 3 spell: Confuse
  1606 | D:2      | Reached skill level 4 in Stealth
  1674 | D:2      | Found a stormy altar of Qazlal.
  2056 | D:2      | Reached XP level 4. HP: 30/30 MP: 3/7
  2222 | D:2      | Reached skill level 4 in Hexes
  2765 | D:2      | Reached skill level 3 in Spellcasting
  2765 | D:2      | Reached XP level 5. HP: 27/35 MP: 9/9
  2900 | D:3      | Identified 4 scrolls of identify
  2900 | D:3      | Identified 2 potions of flight
  2901 | D:3      | Identified 3 scrolls of recharging
  2902 | D:3      | Identified a scroll of immolation
  2922 | D:3      | Identified a scroll of remove curse
  2923 | D:3      | Identified a scroll of magic mapping
  3005 | D:3      | Found a glowing drain.
  3196 | Sewer    | Entered a sewer
  3334 | Sewer    | Noticed Purgy
  3392 | Sewer    | Killed Purgy
  3392 | Sewer    | Reached skill level 1 in Ice Magic
  3392 | Sewer    | Reached XP level 6. HP: 33/41 MP: 2/10
  3533 | Sewer    | Identified a potion of brilliance
  3539 | Sewer    | Identified a +0 pair of boots (You found it on level 2 of the Dungeon)
  3539 | Sewer    | Identified a potion of might
  3540 | Sewer    | Identified a potion of magic
  3563 | D:3      | Learned a level 3 spell: Tukima's Dance
  3691 | D:3      | Identified 3 potions of curing
  3826 | D:3      | Noticed Natasha
  3845 | D:3      | HP: 10/41 [Natasha (7)]
  3851 | D:3      | HP: 2/41 [Natasha/magic dart (8)]
  3867 | D:3      | Slain by Natasha

Table legend:
 A = Turns spent in this place as a percentage of turns spent in the entire game.
 B = Non-inter-level travel turns spent in this place as a percentage of non-inter-level travel turns spent in the entire game.
 C = Inter-level travel turns spent in this place as a percentage of turns spent in this place.
 D = Turns resting spent in this place as a percentage of non-inter-level travel turns spent in this place.
 E = Turns spent auto-exploring this place as a percentage of non-inter-level travel turns spent in this place.
 F = Non-inter-level travel turns spent in this place divided by the number of levels of this place that you've seen.
                   A       B       C       D       E      F
               +-------+-------+-------+-------+-------+----------------------
         Total | 100.0 | 100.0 |   0.6 |   3.4 |   7.9 | 248.5
       Dungeon |  93.8 |  93.8 |   0.6 |   3.3 |   7.1 | 310.7
         Sewer |   6.2 |   6.2 |   0.0 |   4.8 |  21.0 |  62.0
               +-------+-------+-------+-------+-------+----------------------

Table legend:
 A = Kills in this place as a percentage of kills in entire the game.
 B = Kills by you in this place as a percentage of kills by you in the entire game.
 C = Kills by friends in this place as a percentage of kills by friends in the entire game.
 D = Other kills in this place as a percentage of other kills in the entire game.
 E = Experience gained in this place as a percentage of experience gained in the entire game.
 F = Experience gained in this place divided by the number of levels of this place that you have seen.
                   A       B       C       D       E      F
               +-------+-------+-------+-------+-------+----------------------
         Total | 100.0 | 100.0 |  -nan | 100.0 | 100.0 |  88.8
       Dungeon |  92.2 |  93.7 |  -nan |   0.0 |  58.0 |  68.7
         Sewer |   7.8 |   6.3 |  -nan | 100.0 |  42.0 | 149.0
               +-------+-------+-------+-------+-------+----------------------

Skill      XL: |  1  2  3  4  5 |
---------------+----------------+-----
Stealth        | 4 |  4.8
Hexes          | 4 |  4.8
Spellcasting   | 3 |  3.2
Ice Magic      | 1 |  1.5
Short Blades   | |  1.2
Dodging        | |  2.6

Action                   |  1- 3 |  4- 6 || total
-------------------------+-------+-------++-------
Melee: Dagger            |    95 |   101 ||   196
       Tailslap          |     1 |       ||     1
Throw: Stone             |    45 |    46 ||    91
 Cast: Corona            |    14 |       ||    14
       Ensorcelled Hiber |     6 |    21 ||    27
       Confuse           |     1 |     5 ||     6
  Use: Scroll            |       |     9 ||     9
 Stab: Sleeping          |    14 |    13 ||    27
       Confused          |     1 |       ||     1
  Eat: Chunk             |     4 |     8 ||    12
Armor: Robe              |    16 |    12 ||    28
Dodge: Dodged            |    60 |    66 ||   126

Vanquished Creatures
  Purgy (Sewer)
  5 adders
  4 gnolls (D:2)
  A worm (D:2)
  A dart slug (D:1)
  4 leopard geckos
  3 orcs (D:3)
  A ball python (Sewer)
  6 giant cockroaches
  4 goblins
  7 hobgoblins
  6 kobolds
  A quokka (D:2)
  4 bats
  7 frilled lizards
  9 rats
64 creatures vanquished.
